 Dungeon Crawl Stone Soup version 0.27-a0-828-g8289197e94 (webtiles) character file.

Game seed: 11870961213654323461

193 tilp the Skirmisher (level 5, -9/53 HPs)
             Began as an Ogre Warper on Mar 29, 2021.
             Was a Follower of Hepliaklqana.
             Mangled by a gnoll
             ... wielding a +0 flail
              (14 damage)
             ... on level 4 of the Dungeon on Mar 30, 2021.
             The game lasted 00:07:04 (4476 turns).

tilp the Skirmisher (Ogre Warper)                   Turns: 4476, Time: 00:07:05

Health: -9/53      AC:  3    Str: 15    XL:     5   Next: 72%
Magic:  4/8        EV:  9    Int: 15    God:    Hepliaklqana [*.....]
Gold:   116        SH:  0    Dex:  8    Spells: 6/8 levels left

rFire    + + .     SeeInvis .   b - +0 flail
rCold    + . .     Faith    .   (no shield)
rNeg     . . .     Spirit   .   q - +0 robe
rPois    +         Reflect  .   (helmet restricted)
rElec    +         Harm     .   (no cloak)
rCorr    +         Rampage  .   (gloves unavailable)
Will     .....                  (boots unavailable)
Stlth    +.........             (no amulet)
HPRegen  0.17/turn              m - ring of protection from fire
MPRegen  0.11/turn              (no ring)

@: resistant
A: reduced essence, large, unfitting armour, tough skin 1
a: Renounce Religion, Recall Ancestor, Ancestor Identity


You were on level 4 of the Dungeon.
You worshipped Hepliaklqana.
Hepliaklqana was aware of your devotion.
You visited 1 branch of the dungeon, and saw 4 of its levels.

You collected 116 gold pieces.

Inventory:

Hand Weapons
 a - a +0 mace
 b - a +0 flail (weapon)
Missiles
 c - 75 stones (quivered)
 e - 5 boomerangs of dispersal {!f}
Armour
 q - a +0 robe (worn)
Jewellery
 m - a ring of protection from fire (left hand)
Scrolls
 d - a scroll of blinking
 f - a scroll of enchant armour {unknown}
 i - 3 scrolls of identify {unknown}
 k - a scroll of brand weapon {unknown}
 p - a scroll of amnesia {unknown}
Potions
 g - 2 potions of flight
 h - a potion of resistance
 j - a potion of haste {unknown}
 l - 2 potions of curing {unknown}
 n - a potion of attraction {unknown}
 o - a potion of might {unknown}


   Skills:
 - Level 6.0 Fighting
 + Level 3.6 Maces & Flails
 - Level 1.0 Throwing
 - Level 2.1 Dodging
 - Level 2.4 Spellcasting
 - Level 2.6 Translocations


You had 6 spell levels left.
You knew the following spells:

 Your Spells              Type           Power      Damage    Failure   Level
a - Blink                 Tloc           N/A        N/A       11%         2

Your spell library contained the following spells:

 Spells                   Type           Power      Damage    Failure   Level
 Gell's Gravitas          Tloc           4%         N/A       22%         3
 Lesser Beckoning         Tloc           4%         N/A       22%         3
 Teleport Other           Tloc           9%         N/A       22%         3
 Manifold Assault         Tloc           9%         N/A       89%         5


Dungeon Overview and Level Annotations

Branches:
Dungeon (4/15)             Temple (0/1) D:4

Altars:
Cheibriados
Hepliaklqana
Kikubaaqudgha
Makhleb
Nemelex Xobeh
Ru
Uskayaw
Yredelemnul

Shops:
D:4 =


Innate Abilities, Weirdness & Mutations

Your life essence is reduced to manifest your ancestor. (-10% HP)
You are too large for most types of armour.
You have tough skin. (AC +1)


Message History

* * * LOW HITPOINT WARNING * * *
Æthelred hits the gnoll.
You closely miss the gnoll.
The gnoll is moderately wounded.
The gnoll misses you. The gnoll hits you with a +0 flail!
* * * LOW HITPOINT WARNING * * *
Æthelred hits the gnoll.
The gnoll hits Æthelred with a +0 flail! Æthelred is destroyed!
The gnoll shouts!
Casting: Blink (safe; 11% risk of failure)
Confirm with . or Enter, or press ? or * to list all spells.
You blink.
Casting: Blink (safe; 11% risk of failure)
Confirm with . or Enter, or press ? or * to list all spells.
You blink.
It was a potion of flight.
You feel very buoyant.
You fly up into the air.
It was a potion of resistance.
You feel protected.
Casting: Blink (safe; 11% risk of failure)
Confirm with . or Enter, or press ? or * to list all spells.
You blink.
You see here 17 arrows.
Casting: Blink (safe; 11% risk of failure)
Confirm with . or Enter, or press ? or * to list all spells.
You blink.
An orc comes into view. It is wielding a +0 hand axe.
The orc shouts!
You hear a shout!
An orc comes into view. It is wielding a +0 short sword.
Found a scroll labelled BIQOZUMOVI.
The gnoll hits you with a +0 flail.
* * * LOW HITPOINT WARNING * * *
You are starting to lose your buoyancy.
You float gracefully downwards.
You see here 17 arrows.
There is a stone staircase leading up, spattered with blood here.
The gnoll hits you with a +0 flail!
You die...

#..#.)†#..### #...#
#..####...## #.###
....## ##..#### #.#
##.....
#.....#####.# #.###.
#.###.##....# #.
#.###.# #....####
#..#..# ##.###
#.#.## ##...# #.@.#
#[.#.###
##.g#####.##...##
#...g.....####..##
###.###..##........#
# #.####...
##.########...###
#......####..#
##..##.
#.........g.##
#....)
#.#####...#...#
#.###) #..#####...#
#....#


You could see 2 gnolls.

Vanquished Creatures
  An orc priest (D:4)
  An iguana (D:4)
  3 gnolls
  3 adders
  A worm (D:3)
  2 dart slugs (D:1)
  An orc (D:3)
  3 ball pythons
  5 endoplasms
  3 giant cockroaches
  3 goblins
  4 hobgoblins
  4 jackals (D:3)
  7 kobolds
  3 quokkas
  4 bats
  2 frilled lizards
  3 rats
53 creatures vanquished.

Vanquished Creatures (collateral kills)
  A gnoll (D:4)
  An adder (D:2)
  An endoplasm (D:2)
  A goblin (D:3)
  A quokka (D:3)
5 creatures vanquished.

Vanquished Creatures (others)
  3 ancestors
3 creatures vanquished.

Grand Total: 61 creatures vanquished

Notes
Turn   | Place    | Note
-------+----------+-------------------------------------------
     0 | D:1      | tilp the Ogre Warper began the quest for the Orb.
     0 | D:1      | Reached XP level 1. HP: 22/22 MP: 3/3
   103 | D:1      | Reached skill level 3 in Fighting
   575 | D:1      | Reached XP level 2. HP: 19/31 MP: 5/5
   578 | D:1      | Learned a level 2 spell: Blink
   834 | D:1      | Reached skill level 4 in Fighting
  1401 | D:1      | Reached XP level 3. HP: 39/39 MP: 6/6
  1743 | D:2      | Upgraded the game from 0.27-a0-819-g058290f16d to
                  | 0.27-a0-828-g8289197e94
  1873 | D:2      | Found a hazy altar of Hepliaklqana.
  1885 | D:2      | Became a worshipper of Hepliaklqana the Forgotten
  2162 | D:2      | Found a basalt altar of Yredelemnul.
  2224 | D:2      | Reached XP level 4. HP: 38/44 MP: 7/7
  2505 | D:2      | Reached skill level 5 in Fighting
  2789 | D:3      | Found a hide-covered altar of Uskayaw.
  2792 | D:3      | Found an ancient bone altar of Kikubaaqudgha.
  2796 | D:3      | Found a snail-covered altar of Cheibriados.
  2798 | D:3      | Found a burning altar of Makhleb.
  3161 | D:3      | Found a sparkling altar of Nemelex Xobeh.
  3364 | D:3      | Reached * piety under Hepliaklqana
  3464 | D:3      | Found a sacrificial altar of Ru.
  3899 | D:4      | Reached XP level 5. HP: 38/51 MP: 8/8
  4217 | D:4      | Found a staircase to the Ecumenical Temple.
  4414 | D:4      | Found Wijaygru's Jewellery Shop.
  4425 | D:4      | Reached skill level 6 in Fighting
  4437 | D:4      | HP: 2/53 [gnoll/+0 flail (12)]
  4476 | D:4      | Mangled by a gnoll

Illustrated notes

Levels and vault maps discovered:
D:1:      dpeg_arrival_snail, layout_loops_corners,
          chequers_serial_rivers_micro_a
D:2:      layout_basic, old_standard_altar, old_standard_altar
D:3:      layout_basic, nicolae_ru_awakened_eye,
          nemelex_xobeh_ov_fountains_minmay, minitemple
D:4:      layout_rooms, minmay_temple_entry_proselytizer, serial_shops, shop

Skill      XL: |  1  2  3  4  5 |
---------------+----------------+-----
Fighting       | 3 4 5 6 |  6.0
Maces & Flails | 2 3 |  3.6
Throwing       | |  1.0
Dodging        | |  2.1
Spellcasting   | |  2.4
Translocations | |  2.6

Action                   |  1- 3 |  4- 6 || total
-------------------------+-------+-------++-------
Melee: Mace              |    87 |    56 ||   143
       Flail             |       |    22 ||    22
Throw: Stone             |    40 |    22 ||    62
 Cast: Blink             |       |     4 ||     4
  Use: Potion            |       |     2 ||     2
 Stab: Sleeping          |     1 |       ||     1
Armor: Robe              |    28 |    16 ||    44
Dodge: Dodged            |    49 |    35 ||    84

Table legend: (Time is in decaauts)
 A = Elapsed time spent in this place.
 B = Non-inter-level travel time spent in this place.
 C = Inter-level travel time spent in this place.
 D = Time resting spent in this place.
 E = Time spent auto-exploring this place.
 F = Levels seen in this place.
 G = Mean time per level.
                   A        B        C        D        E       F      G
               +--------+--------+--------+--------+--------+-----+--------+
         Total |   4525 |   4397 |    128 |    601 |   3242 |   4 | 1131.2 |
       Dungeon |   4525 |   4397 |    128 |    601 |   3242 |   4 | 1131.2 |
               +--------+--------+--------+--------+--------+-----+--------+

Top non-repeatable levels by time:
     D:1: 1719 daAuts
     D:3: 1361 daAuts
     D:2: 1042 daAuts
     D:4: 402 daAuts
